 Dungeon Sprint DCSS version 0.26-a0-708-g17f3b190f9 (webtiles) character file.

Game seed: 5689986440991130982

24554 olmar the Severer (level 12, -4/126 HPs)
             Began as a Deep Dwarf Fighter on Oct 27, 2020.
             Was an Initiate of Gozag.
             Killed from afar by Lom Lobon (62 damage)
             ... with a great icy blast
             ... in the Dungeon (Sprint I: "Red Sonja").
             The game lasted 00:15:09 (2546 turns).

olmar the Severer (Deep Dwarf Fighter)              Turns: 2546, Time: 00:15:10

Health: -4/126     AC: 38    Str: 26    XL:     12   Next: 81%
Magic:  0/4        EV: 12    Int: 10    God:    Gozag
Gold:   309        SH: 23    Dex: 18    Spells: 11/11 levels left

rFire    + . .     SeeInvis +   l - +2 broad axe (venom)
rCold    . . .     Faith    .   A - +0 tower shield {rPois}
rNeg     + + +     Spirit   .   y - +15 Maxwell's patent armour {-Cast -Tele rElec MR+ rCorr}
rPois    +         Reflect  .   m - +0 helmet (curse)
rElec    +         Harm     .   z - +1 cloak {rPois}
rCorr    +         Rampage  +   (no gloves)
MR       ++...     NoTele   +   P - +1 pair of boots {rampage} Stlth ..........NoCast +
                                K - amulet "Guihisch" {RegenMP rElec rN+++ Str-4 Dex+2}
HPRegen  0.00/turn              x - ring of Haifia {rF+ Str+6 Dex+4}
MPRegen  0.34/turn              M - ring of see invisible

@: gold aura, non-regenerating, hasted, very quick
A: damage resistance, heal wounds, sense surroundings 2, no regeneration
a: Heal Wounds, Potion Petition, Call Merchant, Bribe Branch, Renounce Religion


You were in the Dungeon.
You worshipped Gozag.
Gozag was aware of your devotion.
You visited 1 branch You collected 9764 gold pieces.
You spent 7324 gold pieces at shops.
You paid 2131 gold pieces to Gozag.

Inventory:

Hand Weapons
 a - a +0 war axe
 l - a +2 broad axe of venom (weapon)
Armour
 b - a +0 scale mail
 c - a +0 kite shield
 m - a cursed +0 helmet (worn)
 y - the +15 Maxwell's patent armour (worn) {-Cast -Tele rElec MR+ rCorr}
   (You bought it in a shop in the Dungeon)

   It insulates you from electricity.
   It affects your resistance to hostile enchantments.
   It prevents spellcasting.
   It prevents most forms of teleportation.
   It provides partial protection from all sources of acid and corrosion.
 z - a +1 cloak of poison resistance (worn)
 A - a +0 tower shield of poison resistance (worn)
 P - a +1 pair of boots of rampaging (worn)
Jewellery
 g - an uncursed ring of wizardry
 o - a +4 ring of evasion
 x - the ring of Haifia (left hand) {rF+ Str+6 Dex+4}
   (You found it in the Dungeon)

   [ring of strength]

   It affects your strength (+6).
   It affects your dexterity (+4).
   It protects you from fire.
 B - an uncursed amulet of reflection
 G - an uncursed ring of protection from fire
 K - the amulet "Guihisch" (around neck) {RegenMP rElec rN+++ Str-4 Dex+2}
   (You bought it in a shop in the Dungeon)

   [amulet of magic regeneration]

   It increases your magic regeneration.
   It affects your strength (-4).
   It affects your dexterity (+2).
   It insulates you from electricity.
   It renders you almost immune to negative energy.
 M - a ring of see invisible (right hand)
Wands
 d - a wand of flame (3)
 D - a wand of paralysis (21)
 E - a wand of acid (1)
 H - a wand of random effects (22)
Scrolls
 e - 2 scrolls of remove curse
 j - 4 scrolls of blinking
 q - 2 scrolls of magic mapping
 w - a scroll of immolation
 I - a scroll of random uselessness
 J - a scroll of enchant armour
Potions
 f - 2 potions of lignification
 h - 2 potions of magic
 i - a potion of invisibility
 k - a potion of stabbing
 p - 4 potions of curing
 s - a potion of mutation
 t - a potion of brilliance
 v - a potion of cancellation
Miscellaneous
 C - a condenser vane (1/2)
 F - a lightning rod (3/4)
 L - a phial of floods
 N - a phantom mirror (inert)


   Skills:
 + Level 13.4 Fighting
 + Level 18.9 Axes
 + Level 14.6 Armour
 + Level 8.5 Dodging
 + Level 18.1 Shields
 + Level 11.7 Evocations


You had 11 spell levels left.
You didn't know any spells.
Your spell library was empty.

Dungeon Overview and Level Annotations

Branches:
Dungeon (1/1)

Altars:
Cheibriados
Dithmenos
Elyvilon
Fedhas
Gozag
Hepliaklqana
Kikubaaqudgha
Makhleb
Nemelex Xobeh
Okawaru
Qazlal
Ru
Sif Muna
Trog
Uskayaw
Vehumet
Wu Jian
Xom
Yredelemnul
Zin
The Shining One
Jiyva
Lugonu

Shops:
D *!=[:?}(=[[(*[[:[***=

Annotations:
D Lom Lobon


Innate Abilities, Weirdness & Mutations

You are resistant to damage.
You can heal yourself by infusing magical energy.
You passively map the area around you.
You do not regenerate.


Message History

You are engulfed in raging winds.
Unknown command.
You feel much better.
You float gracefully downwards.
Lom Lobon hits you.
You feel your power leaking away.
You feel much better. Lom Lobon gestures at you.
Lom Lobon conjures a mighty blast of ice!
The great icy blast engulfs you!!!
* * * LOW HITPOINT WARNING * * *
Unknown command.
You feel much better.
Unknown command.
You closely miss Lom Lobon.
Lom Lobon is moderately wounded.
The ice encasing you melts away. Lom Lobon gestures at you.
Lom Lobon conjures a mighty blast of ice!
The great icy blast engulfs you!!!
You die...
Your body crumbles into a pile of gold.

### ,$ ,
**$$$#..##..§.#[∩.#....
○○# $ * *
$#).≈###'##...#.... ^○+
,$$$* $#..≈)=#.####'#.○..
.○# ,, ,
*$#.§§.##'#§^§.##... ○.#*
*,**,,$#§§§##.§.§§§§.##..
.## , *,
+###§§§#..§.§^§§§.#○. .#
$$ * #$§§§##.§.§§.§...##°
'#$$ $$ $ *
#§§$§#....§.......#.
(#$$$$$$$$$
###@∩#............#°
##$$$$$$$$$
#.§&$##.......^^^##.


$$$$$$ * #$##§##..........#°° *$$$*** #^#§≈≈##........##°○ $ *
#°#§≈≈≈##.[..).##°.. , ,○°#≈≈≈≈≈########..○. *** °####≈≈≈≈#≈≈≈≈≈#.°°.. , * ,^,
,,.°#..#'≈≈≈'≈≈.≈≈'.○... ,,* , °○^#...##≈≈#≈≈≈≈≈#°○○.° You could see Lom Lobon
(gusty, poisoned).

Vanquished Creatures
  the Lernaean hydra (D)
  A golden dragon (D)
  A deep elf master archer (D)
  A shadow dragon (D)
  A deep elf annihilator (D)
  A mummy priest (D)
  A hydra (D)
  2 centaur warriors (D)
  Sonja (D)
  2 unseen horrors (D)
  A deep troll (D)
  A lindwurm (D)
  2 oklob plants (D)
  2 merfolk sirens (D)
  A gargoyle (D)
  2 kobold demonologists (D)
  4 demonic crawlers (D)
  A hellwing (D)
  5 hornets (D)
  A slime creature (D)
  2 redbacks (D)
  Sigmund (D)
  13 hogs (D)
  A yak (D)
  3 floating eyes (D)
  An ogre (D)
  7 necrophages (D)
  8 jellies (D)
  Ijyb (D)
  6 ball lightnings (D)
75 creatures vanquished.

Vanquished Creatures (others)
  A gargoyle (D)
  17 ball lightnings (D)
  2 ballistomycete spores (D)
20 creatures vanquished.

Grand Total: 95 creatures vanquished

Notes
Turn   | Place    | Note
-------+----------+-------------------------------------------
     0 | D        | olmar the Deep Dwarf Fighter began the quest for the Orb.
     0 | D        | Reached XP level 1. HP: 20/20 MP: 1/1
     1 | D        | Noticed Ijyb
    29 | D        | Killed Ijyb
    29 | D        | Reached XP level 2. HP: 25/28 MP: 2/2
    33 | D        | Noticed an ogre
    39 | D        | Killed an ogre
    39 | D        | Reached skill level 5 in Axes
    39 | D        | Reached skill level 1 in Dodging
    39 | D        | Reached XP level 3. HP: 37/37 MP: 3/3
    39 | D        | Reached XP level 4. HP: 45/45 MP: 4/4
    75 | D        | Noticed Sigmund
   105 | D        | Killed Sigmund
   105 | D        | Reached skill level 5 in Fighting
   105 | D        | Reached XP level 5. HP: 32/52 MP: 4/4
   120 | D        | Found an ornate altar of the Wu Jian Council.
   120 | D        | Found a shimmering blue altar of Sif Muna.
   122 | D        | Found a radiant altar of Vehumet.
   127 | D        | Reached XP level 6. HP: 56/61 MP: 5/5
   151 | D        | Found Guopp's Distillery.
   151 | D        | Found an ancient bone altar of Kikubaaqudgha.
   151 | D        | Found a hazy altar of Hepliaklqana.
   151 | D        | Found a hide-covered altar of Uskayaw.
   151 | D        | Found a basalt altar of Yredelemnul.
   151 | D        | Found an opulent altar of Gozag.
   151 | D        | Found a snail-covered altar of Cheibriados.
   151 | D        | Found a sacrificial altar of Ru.
   151 | D        | Found a shadowy altar of Dithmenos.
   151 | D        | Noticed a yak
   162 | D        | Killed a yak
   163 | D        | Found a stormy altar of Qazlal.
   163 | D        | Found a blossoming altar of Fedhas.
   163 | D        | Found a bloodstained altar of Trog.
   163 | D        | Found an iron altar of Okawaru.
   163 | D        | Found a glowing golden altar of the Shining One.
   163 | D        | Found a glowing silver altar of Zin.
   163 | D        | Found a white marble altar of Elyvilon.
   164 | D        | Found a sparkling altar of Nemelex Xobeh.
   169 | D        | Became a worshipper of Gozag Ym Sagoz the Greedy
   172 | D        | Bought a potion of invisibility for 112 gold pieces
   172 | D        | Bought a potion of stabbing for 56 gold pieces
   172 | D        | Bought a potion of heal wounds for 70 gold pieces
   172 | D        | Bought a potion of lignification for 42 gold pieces
   184 | D        | Noticed a centaur warrior
   190 | D        | Noticed a centaur warrior
   199 | D        | Killed a centaur warrior
   199 | D        | Reached XP level 7. HP: 72/72 MP: 5/5
   199 | D        | Reached XP level 8. HP: 80/80 MP: 6/6
   216 | D        | Killed a centaur warrior
   216 | D        | Reached skill level 5 in Dodging
   251 | D        | Noticed a deep troll
   255 | D        | Killed a deep troll
   255 | D        | Reached skill level 10 in Shields
   255 | D        | Gained mutation: You passively map the area around you.
                  | [Deep Dwarf growth]
   255 | D        | Reached XP level 9. HP: 73/88 MP: 7/7
   268 | D        | Found Amiula's Armour Emporium.
   281 | D        | Noticed Sonja
   284 | D        | Killed Sonja
   284 | D        | Reached skill level 15 in Axes
   284 | D        | Reached skill level 10 in Armour
   284 | D        | Reached skill level 1 in Evocations
   335 | D        | Found Edaakkot's General Store.
   343 | D        | Bought a scroll of magic mapping for 35 gold pieces
   343 | D        | Bought a scroll of identify for 20 gold pieces
   343 | D        | Bought a scroll of fear for 35 gold pieces
   362 | D        | Bought a potion of mutation for 112 gold pieces
   362 | D        | Bought a potion of brilliance for 56 gold pieces
   362 | D        | Bought a potion of curing for 42 gold pieces
   403 | D        | Noticed an oklob plant
   415 | D        | Killed an oklob plant
   420 | D        | Killed a gargoyle
   450 | D        | Reached XP level 10. HP: 73/99 MP: 8/8
   678 | D        | Killed an unseen horror
   688 | D        | Killed an unseen horror
   688 | D        | Reached skill level 10 in Fighting
   775 | D        | Found Wylacw's Antique Armour Shoppe.
   775 | D        | Found Ucolor Ono's Jewellery Shop.
   775 | D        | Found Muity's Book Boutique.
   777 | D        | Found Ydoecese's Magic Scroll Emporium.
   777 | D        | Found Kamyfoss's Antique Weapon Shop.
   777 | D        | Found Huyppil's Jewellery Shoppe.
   777 | D        | Found Pyuk's Antique Armour Boutique.
   777 | D        | Found Aplod's Antique Armour Emporium.
   777 | D        | Found Jiwemipi's Weapon Shop.
   777 | D        | Found Kugoow's General Store.
   780 | D        | Found Cikkuo's Armour Boutique.
   781 | D        | Bought a scroll of acquirement for 520 gold pieces
   781 | D        | Bought a scroll of fog for 20 gold pieces
   781 | D        | Found Qajyvuon's Book Emporium.
   781 | D        | Found Joibbu Domu's Armour Boutique.
   782 | D        | Found Vengenuc's Assorted Antiques.
   787 | D        | Bought a potion of cancellation for 96 gold pieces
   787 | D        | Bought a scroll of immolation for 42 gold pieces
   787 | D        | Bought a potion of heal wounds for 60 gold pieces
   823 | D        | Bought the +15 Maxwell's patent armour {-Cast -Tele rElec
                  | MR+ rCorr} for 1074 gold pieces
   823 | D        | Found the +15 Maxwell's patent armour {-Cast -Tele rElec
                  | MR+ rCorr}
   871 | D        | Bought a glowing cloak for 150 gold pieces
   880 | D        | Bought a shiny tower shield for 195 gold pieces
   891 | D        | Bought an uncursed amulet of reflection for 300 gold pieces
   930 | D        | Found a burning altar of Makhleb.
   930 | D        | Found a viscous altar of Jiyva.
   930 | D        | Found a shimmering altar of Xom.
   930 | D        | Found a corrupted altar of Lugonu.
   956 | D        | Paralysed by a floating eye for 3 turns
  1040 | D        | Noticed a lindwurm
  1056 | D        | Killed a lindwurm
  1056 | D        | Reached XP level 11. HP: 70/111 MP: 7/7
  1260 | D        | Bought a condenser vane (2/2) for 300 gold pieces
  1260 | D        | Bought a wand of paralysis (10) for 180 gold pieces
  1260 | D        | Bought a wand of acid (9) for 390 gold pieces
  1260 | D        | Bought a lightning rod (4/4) for 600 gold pieces
  1329 | D        | Noticed a 12-headed hydra
  1335 | D        | Killed a 13-headed hydra
  1450 | D        | Noticed a deep elf annihilator
  1459 | D        | Reached skill level 15 in Shields
  1460 | D        | Killed a deep elf annihilator
  1573 | D        | Noticed a mummy priest
  1574 | D        | Noticed an oklob plant
  1591 | D        | Noticed a sixfirhy
  1668 | D        | Bought an uncursed ring of protection from fire for 350
                  | gold pieces
  1791 | D        | Noticed a shadow dragon
  1791 | D        | Noticed a golden dragon
  1824 | D        | Killed a golden dragon
  1824 | D        | Reached XP level 12. HP: 37/123 MP: 8/8
  1838 | D        | Killed a shadow dragon
  1846 | D        | Got a pitted tin ring
  1904 | D        | Found Nemoafoi's Jewellery Shoppe.
  1921 | D        | Identified the ring of Haifia {rF+ Str+6 Dex+4} (You found
                  | it in the Dungeon)
  1946 | D        | Noticed a jiangshi
  1955 | D        | Killed a mummy priest
  2073 | D        | Bought a wand of paralysis (11) for 182 gold pieces
  2073 | D        | Bought a scroll of enchant armour for 105 gold pieces
  2073 | D        | Bought a potion of curing for 42 gold pieces
  2073 | D        | Bought the amulet "Guihisch" {RegenMP rElec rN+++ Str-4
                  | Dex+2} for 851 gold pieces
  2277 | D        | Noticed the 27-headed Lernaean hydra
  2283 | D        | Killed the 27-headed Lernaean hydra
  2283 | D        | Reached skill level 10 in Evocations
  2327 | D        | Noticed a deep elf master archer
  2331 | D        | Killed a deep elf master archer
  2476 | D        | Acquired a +2 broad axe of venom
  2490 | D        | Bought a phial of floods for 880 gold pieces
  2490 | D        | Bought a potion of haste for 220 gold pieces
  2490 | D        | Bought a scroll labeled XIPPUYTIUH for 22 gold pieces
  2490 | D        | Bought a pair of glowing boots for 165 gold pieces
  2503 | D        | Noticed Lom Lobon
  2546 | D        | Killed from afar by Lom Lobon

Illustrated notes

Levels and vault maps discovered:
D:        dungeon_sprint_1 [red_sonja_temple_1, red_sonja_temple_small_1]

Skill      XL: |  1  2  3  4  5  6  7  8  9 10 11 12 |
---------------+-------------------------------------+-----
Fighting       | 3 4 5 7 8 9 11 12 13 | 13.4
Axes           | 3 5 7 8 12 14 16 17 18 | 18.9
Armour         | 4 6 7 9 10 11 13 14 | 14.6
Shields        | 4 6 7 9 10 12 16 18 | 18.1
Dodging        | 1 2 4 5 6 7 8 |  8.5
Evocations     | 1 7 11 | 11.7

Action                   |  1- 3 |  4- 6 |  7- 9 | 10-12 || total
-------------------------+-------+-------+-------+-------++-------
Melee: War axe           |    31 |    46 |    46 |   274 ||   397
       Broad axe         |       |       |       |    17 ||    17
Invok: Call Merchant     |       |       |       |     3 ||     3
 Abil: Heal Wounds       |       |     7 |     1 |    18 ||    26
Evoke: Wand              |       |       |     7 |    14 ||    21
       Lightning rod     |       |       |       |    13 ||    13
       Condenser vane    |       |       |       |     8 ||     8
       Phantom mirror    |       |       |       |     1 ||     1
  Use: Potion            |     1 |     3 |     2 |     5 ||    11
       Scroll            |       |       |       |     5 ||     5
 Stab: Paralysed         |       |       |     5 |       ||     5
       Distracted        |       |       |     1 |     2 ||     3
Armor: Scale mail        |    11 |     7 |     3 |    12 ||    33
       Skin              |       |     9 |     5 |       ||    14
       Plate armour      |       |       |       |   156 ||   156
Dodge: Dodged            |     7 |     4 |    15 |    92 ||   118
Block: Kite shield       |    13 |    13 |    14 |    21 ||    61
       Tower shield      |       |       |       |   232 ||   232

Table legend: (Time is in decaauts)
 A = Elapsed time spent in this place.
 B = Non-inter-level travel time spent in this place.
 C = Inter-level travel time spent in this place.
 D = Time resting spent in this place.
 E = Time spent auto-exploring this place.
 F = Levels seen in this place.
 G = Mean time per level.
                   A        B        C        D        E       F      G
               +--------+--------+--------+--------+--------+-----+--------+
         Total |   2468 |   2132 |    336 |    680 |      0 |   1 | 2468.0 |
       Dungeon |   2468 |   2132 |    336 |    680 |      0 |   1 | 2468.0 |
               +--------+--------+--------+--------+--------+-----+--------+

Top non-repeatable levels by time:
       D: 2468 daAuts
